 Dungeon Crawl Stone Soup version 0.24-a0-201-gf205589 (console) character file.

Game seed: 18288299113986042534

3045 bli the Magician (level 9, 0/52 HPs)
             Began as a Gargoyle Fire Elementalist on Mar 20, 2019.
             Was an Elder of Ru.
             Shot with a sling bullet by Joseph (11 damage)
             ... on level 8 of the Dungeon.
             The game lasted 00:40:37 (8110 turns).

bli the Magician (Gargoyle Fire Elementalist)       Turns: 8110, Time: 00:40:37

Health: 0/52       AC: 10    Str: 12    XL:     9   Next: 87%
Magic:  17/20      EV: 13    Int: 18    God:    Ru [****..]
Gold:   235        SH:  0    Dex: 14    Spells: 8/22 levels left

rFire    + . .     SeeInvis .   b - +2 flail
rCold    x . .     Gourm    .   (no shield)
rNeg     + . .     Faith    .   E - +0 robe
rPois    ∞         Spirit   .   s - +0 helmet
rElec    +         Reflect  .   (no cloak)
rCorr    .         Harm     .   n - +0 pair of gloves
MR       .....                  (no boots)
Stlth    ++........             (no amulet)
HPRegen  0.17/turn              m - ring of fire
MPRegen  0.17/turn              J - +3 ring of dexterity

@: no status effects
A: negative energy resistance 1, electricity resistance, unbreathing,
petrification resistance, rot immunity, inability to use devices, inability to
train armour, AC +6
a: Draw Out Power, Power Leap, Renounce Religion


You were on level 8 of the Dungeon.
You worshipped Ru.
Ru was greatly pleased with you.
You were not hungry.

You visited 2 branches of the dungeon, and saw 9 of its levels.

You collected 361 gold pieces.
You spent 126 gold pieces at shops.

Inventory:

Hand Weapons
 b - a +2 flail (weapon)
 d - a +0 whip
 u - a +0 flail
 F - a +4 rapier of venom
 I - a +2 whip of distortion
Missiles
 l - 214 stones (quivered)
 r - 29 poisoned needles
Armour
 n - a +0 pair of gloves (worn)
 q - a +0 shield
 s - a +0 helmet (worn)
 y - a +0 leather armour of poison resistance
 E - a +0 robe (worn)
 K - a +1 plate armour of fire resistance
Magical Staves
 a - an uncursed staff of earth
Jewellery
 m - a ring of fire (left hand)
 t - an uncursed ring of poison resistance
 x - an uncursed ring of attention
 J - a +3 ring of dexterity (right hand)
Scrolls
 e - 4 scrolls of identify {unknown}
 g - 4 scrolls of amnesia
 i - 5 scrolls of teleportation
 k - 2 scrolls of remove curse
 o - 3 scrolls of random uselessness {unknown}
 p - 3 scrolls of fear {unknown}
 B - a scroll of enchant weapon {unknown}
 C - a scroll of fog {unknown}
 D - 2 scrolls of magic mapping {unknown}
 G - a scroll of immolation {unknown}
Potions
 f - 2 potions of flight {unknown}
 h - a potion of resistance {unknown}
 j - a potion of curing {unknown}
 v - a potion of mutation {unknown}
 w - 4 potions of lignification {unknown}
 z - a potion of ambrosia {unknown}
 A - a potion of brilliance {unknown}
Comestibles
 c - 13 rations
 H - 3 chunks of flesh


   Skills:
 * Level 3.9 Fighting
 + Level 5.7 Maces & Flails
 + Level 3.4 Dodging
 + Level 3.1 Stealth
 * Level 7.4 Spellcasting
 * Level 5.0 Conjurations
 + Level 5.5 Fire Magic
 + Level 3.2 Earth Magic


You had 8 spell levels left.
You knew the following spells:

 Your Spells              Type           Power        Failure   Level  Hunger
a - Stone Arrow           Conj/Erth      ###...       5%          3    #......
b - Fireball              Conj/Fire      #####.....   32%         5    #####..
f - Throw Flame           Conj/Fire      #####.       1%          2    None
s - Sticky Flame          Conj/Fire      #####...     12%         4    ###....

Your spell library contained the following spells:

 Spells                   Type           Power        Failure   Level  Hunger
 Flame Tongue             Conj/Fire      #####        1%          1    None
 Sandblast                Erth           ###...       2%          1    None
 Conjure Flame            Conj/Fire      #####...     3%          3    #......
 Passwall                 Tmut/Erth      ##......     9%          2    None
 Inner Flame              Hex/Fire       ###.....     10%         3    #......
 Petrify                  Tmut/Erth      ##......     47%         4    ###....
 Lee's Rapid Deconstruct  Erth           ###.......   58%         5    #####..


Dungeon Overview and Level Annotations

Branches:
Dungeon (8/15)             Temple (1/1) D:4            Lair (0/6) D:8

Altars:
Ashenzari
Dithmenos
Elyvilon
Fedhas
Okawaru
Qazlal
Ru
Uskayaw
Yredelemnul

Shops:
D:7 ?

Annotations:
D:2 exclusion: oklob plant
D:8 Joseph


Innate Abilities, Weirdness & Mutations

You are resistant to torment.
Your stone body is resilient. (AC +6)
You are immune to poison.
You resist negative energy. (rN+)
You are resistant to electric shocks. (rElec)
You can survive without breathing.
You are immune to petrification.
You are immune to rotting.
You cannot study or use magical devices.
You cannot train Armour skill.


Message History

You see here a sling bullet.
You hit the orc.
The orc is moderately wounded.
The orc misses you.
You barely miss the orc.
The orc is moderately wounded.
The orc hits you but does no damage.
You sock the orc!
You kill the orc!
You closely miss the orc. The orc hits you with a +0 dagger.
Joseph shoots a sling bullet.
The sling bullet hits you. The sling bullet freezes you.
You see here a sling bullet.
Joseph shoots a sling bullet.
The sling bullet hits you!
* * * LOW HITPOINT WARNING * * *
The sling bullet freezes you.
* * * LOW HITPOINT WARNING * * *
You see here a sling bullet.
Joseph shouts, "Wow!"
Joseph shoots a sling bullet.
The sling bullet hits you!
You die...

####.# #.# ####.# #.# #....####.#
##......#.# ##########.
##......#.#### #........).
#'......#....##########......##.#
##......###......#...........# #
#...............#......†....#
#...............#..../.#'####
#######.#...........##.†...#
##.#'#####@######.#.###
#.>.....##(.@...(.....#
###...#.##o###.#(####.#
###.....##.###.#.# .#
#..........).....# #
#................#
#.....÷..≈.≈.....#
#...≈≈)≈≈≈.≈.....####
#.≈.≈≈)≈≈)≈≈≈≈≈.....#
#≈..≈≈≈≈≈≈≈≈≈)..#####
#≈≈≈≈≈≈≈≈≈≈≈≈.......#.#


You could see Joseph and an orc.

Vanquished Creatures
  A troll (D:7)
  Duvessa (D:5)
  An orc warrior (D:8)
  An ice beast (D:5)
  3 centaurs
  2 wolves (D:8)
  2 ogres (D:5)
  A big kobold (D:8)
  2 bullfrogs
  Dowan (D:5)
  2 scorpions
  5 wights
  4 electric eels (D:8)
  2 howler monkeys (D:8)
  A crimson imp (D:5)
  A centaur zombie (D:6)
  3 orc priests
  A centaur skeleton (D:4)
  6 hounds
  4 iguanas
  3 bullfrog skeletons
  3 jellies
  3 orc wizards
  5 worker ants
  Natasha (twice) (D:3)
  A worker ant zombie (D:5)
  Robin (D:3)
  4 gnolls
  8 adders
  A shadow imp (D:8)
  An ooze (D:3)
  An adder skeleton (D:8)
  An adder zombie (D:3)
  4 worms
  3 dart slugs
  6 leopard geckos
  38 orcs
  8 giant cockroaches
  9 goblins
  7 hobgoblins
  7 jackals
  8 kobolds
  2 quokkas
  3 bats (D:3)
  2 frilled lizards
  A giant cockroach zombie (D:5)
  4 rats
180 creatures vanquished.

Vanquished Creatures (others)
  A hound (D:8)
  A dart slug (D:1)
  2 fire vortices (D:7)
4 creatures vanquished.

Grand Total: 184 creatures vanquished

Notes
Turn   | Place    | Note
-------+----------+-------------------------------------------
     0 | D:1      | bli the Gargoyle Fire Elementalist began the quest for the
                  | Orb.
     0 | D:1      | Reached XP level 1. HP: 10/10 MP: 3/3
   123 | D:1      | Reached XP level 2. HP: 8/15 MP: 0/5
   587 | D:1      | Reached skill level 3 in Spellcasting
   714 | D:2      | Reached XP level 3. HP: 14/19 MP: 1/7
   780 | D:2      | Found a hide-covered altar of Uskayaw.
   916 | D:2      | Found a stormy altar of Qazlal.
  1182 | D:2      | Found a sacrificial altar of Ru.
  1201 | D:2      | Became a worshipper of Ru the Awakened
  1394 | D:2      | Found a shattered altar of Ashenzari.
  1450 | D:2      | Found a blossoming altar of Fedhas.
  1467 | D:2      | Noticed an oklob plant
  1628 | D:3      | Reached XP level 4. HP: 24/24 MP: 6/9
  1761 | D:3      | Reached skill level 4 in Spellcasting
  1792 | D:2      | Learned a level 4 spell: Sticky Flame
  2024 | D:3      | Noticed Robin
  2024 | D:3      | Noticed Natasha
  2058 | D:3      | Reached XP level 5. HP: 16/28 MP: 8/11
  2390 | D:3      | Killed Robin
  2436 | D:3      | Killed Natasha
  2446 | D:3      | Noticed Natasha
  2453 | D:3      | Killed Natasha
  2609 | D:3      | Gained mutation: You cannot train Armour skill. [Ru
                  | sacrifice]
  2609 | D:3      | Reached * piety under Ru
  2828 | D:3      | Reached skill level 1 in Maces & Flails
  2843 | D:3      | Reached XP level 6. HP: 33/33 MP: 9/13
  3056 | D:4      | Found a staircase to the Ecumenical Temple.
  3093 | D:4      | Reached skill level 1 in Fighting
  3120 | D:3      | Reached skill level 5 in Spellcasting
  3254 | D:4      | Found a white marble altar of Elyvilon.
  3377 | D:4      | Learned a level 5 spell: Fireball
  3519 | Temple   | Entered the Ecumenical Temple
  3571 | D:4      | Reached XP level 7. HP: 38/38 MP: 9/14
  3906 | D:5      | Entered Level 5 of the Dungeon
  4044 | D:5      | Noticed Duvessa
  4044 | D:5      | Noticed Dowan
  4053 | D:5      | Killed Duvessa
  4055 | D:5      | Killed Dowan
  4488 | D:5      | Reached skill level 6 in Spellcasting
  4494 | D:5      | Reached XP level 8. HP: 34/44 MP: 12/17
  5022 | D:5      | Gained mutation: You cannot study or use magical devices.
                  | [Ru sacrifice]
  5022 | D:5      | Reached ** piety under Ru
  5022 | D:5      | Reached *** piety under Ru
  5022 | D:5      | Reached **** piety under Ru
  5976 | D:7      | Found Xaoxixis's Magic Scroll Shop.
  5993 | D:7      | Bought a scroll of blinking for 90 gold pieces
  5993 | D:7      | Bought a scroll of teleportation for 36 gold pieces
  6027 | D:7      | Learned a level 2 spell: Throw Flame
  6354 | D:7      | Reached skill level 5 in Fire Magic
  6370 | D:7      | Reached XP level 9. HP: 42/49 MP: 2/19
  6625 | D:7      | Found a shadowy altar of Dithmenos.
  6701 | D:7      | Found an iron altar of Okawaru.
  6750 | D:7      | Reached skill level 7 in Spellcasting
  6855 | D:7      | Learned a level 3 spell: Stone Arrow
  7005 | D:8      | Reached skill level 1 in Earth Magic
  7062 | D:8      | Noticed a troll
  7079 | D:8      | Reached skill level 5 in Maces & Flails
  7410 | D:7      | Killed a troll
  7779 | D:8      | Found a staircase to the Lair.
  8080 | D:8      | Noticed Joseph
  8082 | D:8      | Reached skill level 5 in Conjurations
  8110 | D:8      | Shot with a sling bullet by Joseph

Levels and vault maps discovered:
D:1:      elethiomel_arrival_infinity_welcomes_careful_drivers, layout_rooms
D:2:      layout_rooms, nicolae_ru_awakened_eye, ashenzari_conservatory_becter,
          minitemple, tgw_fedhas
D:3:      layout_basic, hangedman_abyss_or_decor_stabs, uniq_robin, uniq_natasha
D:4:      layout_rooms, elyvilon_altar_5, minmay_temple_entry_sparse_star,
          chequers_serial_rivers_room_b
D:5:      layout_cave_pods, first_ration, uniq_duvessa
D:6:      layout_loops_ring
D:7:      layout_basic, nicolae_dithmenos_through_a_glass_darkly,
          overflow_temple_1_default, serial_shops, shop
D:8:      layout_basic, erik_lair_island, uniq_joseph
Temple:   regret_index_temple_waves

Skill      XL: |  1  2  3  4  5  6  7  8  9 |
---------------+----------------------------+-----
Spellcasting   | 3 4 5 6 7 |  7.4
Conjurations   | 2 3 4 5 |  5.0
Maces & Flails | 1 2 4 5 |  5.7
Fighting       | 1 2 3 |  3.9
Dodging        | 2 3 |  3.4
Fire Magic     | 5 |  5.5
Earth Magic    | 3 |  3.2
Stealth        | 3 |  3.1

Action                   |  1- 3 |  4- 6 |  7- 9 || total
-------------------------+-------+-------+-------++-------
Melee: Whip              |    29 |    68 |       ||    97
       Flail             |       |    38 |   250 ||   288
Throw: Stone             |       |     1 |     4 ||     5
 Cast: Flame Tongue      |    46 |    90 |    73 ||   209
       Sticky Flame      |       |     6 |    14 ||    20
       Throw Flame       |       |       |    45 ||    45
       Stone Arrow       |       |       |    13 ||    13
       Fireball          |       |       |     1 ||     1
Invok: Sacrifice Durabil |       |     1 |       ||     1
       Sacrifice Artific |       |       |     1 ||     1
  Use: Scroll            |       |       |     4 ||     4
 Stab: Sleeping          |       |     2 |       ||     2
       Distracted        |       |       |     3 ||     3
       Invisible         |       |       |     2 ||     2
  Eat: Chunk             |     2 |     7 |    18 ||    27
Armor: Robe              |     6 |    48 |   113 ||   167
Dodge: Dodged            |    28 |    96 |   212 ||   336

Table legend:
 A = Non-vault XP
 B = Vault XP
 C = Vault XP percentage of total XP
 D = Non-vault monster count
 E = Vault monster count
 F = Vault count percentage of total count
                 A         B        C        D         E       F
            +---------+---------+-------+---------+---------+-------
      Total |    3371 |     980 |  22.5 |     161 |      21 |  11.5
            +---------+---------+-------+---------+---------+-------
        D:1 |      25 |       0 |   0.0 |      10 |       0 |   0.0
        D:2 |      47 |       2 |   4.1 |      11 |       1 |   8.3
        D:3 |     240 |      66 |  21.6 |      36 |      11 |  23.4
        D:4 |     235 |       0 |   0.0 |      18 |       0 |   0.0
        D:5 |     873 |     220 |  20.1 |      30 |       2 |   6.2
        D:6 |     352 |       0 |   0.0 |      10 |       0 |   0.0
        D:7 |     598 |     317 |  34.6 |      12 |       1 |   7.7
        D:8 |     995 |     375 |  27.4 |      32 |       6 |  15.8
     Temple |       6 |       0 |   0.0 |       2 |       0 |   0.0
            +---------+---------+-------+---------+---------+-------
